 Dungeon Sprint DCSS version 0.16.2-12-gd0ad4c3 (webtiles) character file.

38283 musteatbrain the Fencer (level 13, -15/100 (104) HPs)
             Began as a Demonspawn Fighter on Oct 16, 2015.
             Was the Champion of Yredelemnul.
             Demolished by a titanic slime creature (43 damage)
             ... while paralysed by a giant eyeball
             ... in the Dungeon (Sprint V: "Ziggurat Sprint").
             The game lasted 00:45:12 (2516 turns).

musteatbrain the Fencer (Demonspawn Fighter)        Turns: 2516, Time: 00:45:14

HP:   -15/100 (104) AC: 41    Str: 22      XL:     13   Next: 63%
MP:   30/30         EV:  2    Int: 15      God:    Yredelemnul [******]
Gold: 0             SH:  0    Dex: 19 (22) Spells: 0 memorised, 12 levels left

rFire  . . .     SeeInvis .     O - +9 Sword of Zonguldrok {reap, Curse}
rCold  . . .     Rnd*Rage +     L - +15 Maxwell's patent armour {-Cast -Tele rElec MR+ rCorr}
rNeg   + . .     SustAb   .     M - +18 shield of the gong {rElec rN+ MR+ EV-5}
rPois  .         Gourm    .     r - +2 helmet {Int+3}
rElec  +         Spirit   .     p - +2 cloak {+Inv}
rCorr  +         Warding  .     I - +3 pair of gauntlets of War {Slay+5}
rMut   .         NoTele   +     (boots unavailable)
MR     ++...     NoCast   +     (no amulet)
Stlth  ..........               E - +6 ring of dexterity
                                J - +6 ring of strength

@: paralysed, corroded equipment, very slightly contaminated, non-regenerating,
rotting, diseased, hasted, studying 2 skills, very resistant to hostile
enchantments, extremely unstealthy
A: talons 3, large bone plates 3, berserk 1, breathe flames 1, frail 1,
regeneration 1, spit poison 1, wild magic 1, forlorn
a: Spit Poison, Animate Dead, Recall Undead Slaves, Injury Mirror, Drain Life,
Enslave Soul, Renounce Religion, Breathe Fire, Evoke Invisibility


You were in the Dungeon.
You worshipped Yredelemnul.
Yredelemnul was exalted by your worship.
You were not hungry.

You visited 1 branch

Inventory:

Hand weapons
 N - the +0 Sword of Power
   (You found it in the Dungeon)
 O - the +9 Sword of Zonguldrok (weapon) {reap, Curse}
   (You found it in the Dungeon)

   If a monster killed with it leaves a corpse in good enough shape, the corpse
   will be animated as a zombie friendly to the killer.
   It may re-curse itself when equipped.
 P - the cursed +14 plutonium sword {Contam Stlth-}
   (You found it in the Dungeon)

   It causes magical contamination when unequipped.
   It makes you less stealthy.
   It has a curse placed upon it.
 Q - the cursed +7 Singing Sword
   (You found it in the Dungeon)

   It has a curse placed upon it.
Armour
 p - a +2 cloak of invisibility (worn)
 r - a +2 helmet of intelligence (worn)
 I - the +3 pair of gauntlets of War (worn) {Slay+5}
   (You found it in the Dungeon)

   It affects your accuracy and damage with ranged weapons and melee attacks
   (+5).
 L - the +15 Maxwell's patent armour (worn) {-Cast -Tele rElec MR+ rCorr}
   (You found it in the Dungeon)

   It insulates you from electricity.
   It affects your resistance to hostile enchantments.
   It prevents spellcasting.
   It prevents most forms of teleportation.
   It protects you from acid and corrosion.
 M - the +18 shield of the gong (worn) {rElec rN+ MR+ EV-5}
   (You found it in the Dungeon)

   It affects your evasion (-5).
   It insulates you from electricity.
   It protects you from negative energy.
   It affects your resistance to hostile enchantments.
Magical staves
 R - an uncursed staff of summoning
Rods
 S - a +8 lightning rod (14/14)
   (You took it off a spriggan in the Dungeon)
Jewellery
 E - a +6 ring of dexterity (right hand)
 J - a +6 ring of strength (left hand)
Magical devices
 y - a wand of disintegration (7)
 B - a wand of fire (5)
 D - a wand of draining (5)
 T - a wand of hasting (4)
Scrolls
 k - 4 scrolls of blinking
 s - 3 scrolls of recharging
 v - 4 scrolls of remove curse
 V - 6 scrolls of enchant armour
Potions
 f - 11 potions of curing
 g - 2 potions of heal wounds
 h - 3 potions of haste
 i - 7 potions of magic
 j - 2 potions of berserk rage
 n - 2 potions of restore abilities
 o - 3 potions of resistance
Books
 b - a book of Annihilations This book is beyond your current level of understanding.

   Spells                             Type                      Level
   a - Poison Arrow                   Conjuration/Poison           6
   b - Chain Lightning                Conjuration/Air              8
   c - Lehudib's Crystal Spear        Conjuration/Earth            8
   d - Glaciate                       Conjuration/Ice              9
   e - Fire Storm                     Conjuration/Fire             9
 e - a Fen Folio

   Spells                             Type                      Level
   a - Corpse Rot                     Necromancy                   2
   b - Stone Arrow                    Conjuration/Earth            3
   c - Leda's Liquefaction            Hexes/Earth                  4
   d - Summon Forest                  Summoning/Translocation      5
   e - Hydra Form                     Transmutation                6
   f - Summon Hydra                   Summoning                    7
 l - Vehumet's Papyrus of Conjuration
   (You found it in the Dungeon)

   Spells                             Type                      Level
   a - Magic Dart                     Conjuration                  1
   b - Dazzling Spray                 Conjuration/Hexes            3
   c - Mephitic Cloud                 Conjuration/Poison/Air       3
   d - Iskenderun's Mystic Blast      Conjuration                  4
   e - Iskenderun's Battlesphere      Conjuration/Charms           5
 m - a manual of Air Magic
 q - Sif Muna's Reference Book on the Entourage
   (You found it in the Dungeon)

   Spells                             Type                      Level
   a - Summon Butterflies             Summoning                    1
   b - Summon Small Mammal            Summoning                    1
   c - Summon Forest                  Summoning/Translocation      5
   d - Summon Hydra                   Summoning                    7
 t - a Necronomicon This book is beyond your current level of understanding.

   Spells                             Type                      Level
   a - Haunt                          Necromancy/Summoning         7
   b - Borgnjor's Revivification      Necromancy                   8
   c - Death's Door                   Charms/Necromancy            8
   d - Necromutation                  Transmutation/Necromancy     8
 w - Naymoddethe's Tome of Hexes
   (You found it in the Dungeon)

   Spells                             Type                      Level
   a - Corona                         Hexes                        1
   b - Spectral Weapon                Hexes/Charms                 3
   c - Fulminant Prism                Conjuration/Hexes            4
   d - Summon Guardian Golem          Hexes/Summoning              4
   e - Discord                        Hexes                        8
 C - a manual of Bows
 H - a book of the Tempests

   Spells                             Type                      Level
   a - Static Discharge               Conjuration/Air              3
   b - Lightning Bolt                 Conjuration/Air              5
   c - Fireball                       Conjuration/Fire             5
   d - Tornado                        Air                          9
   e - Shatter                        Earth                        9
 Y - a book of Transfigurations

   Spells                             Type                      Level
   a - Stoneskin                      Transmutation/Earth          2
   b - Irradiate                      Conjuration/Transmutation    5
   c - Statue Form                    Transmutation/Earth          6
   d - Hydra Form                     Transmutation                6
   e - Dragon Form                    Transmutation                7
Miscellaneous
 a - a plain deck of changes {Fortitude}
 c - a stone of tremors
 u - a box of beasts {used: 1}
 x - a phial of floods
 F - a sack of spiders {used: 1}
 G - a phantom mirror
 K - a disc of storms
 W - a disc of storms
 X - a fan of gales
 Z - a phial of floods
Comestibles
 d - 2 bread rations
 z - 42 fruits
 A - 4 meat rations
 U - 6 royal jellies


   Skills:
 + Level 15.5 Fighting
 + Level 17.9 Long Blades
 + Level 12.2 Armour
 * Level 12.5 Dodging
 + Level 12.8 Shields
 - Level 14.8 Invocations
 - Level 10.3 Evocations


You had 12 spell levels left.
You didn't know any spells.

Dungeon Overview and Level Annotations

Branches:
Dungeon (1/1)

Altars:
Ashenzari
Cheibriados
Dithmenos
Elyvilon
Fedhas
Gozag
Kikubaaqudgha
Makhleb
Nemelex Xobeh
Okawaru
Qazlal
Ru
Sif Muna
Trog
Vehumet
Xom
Yredelemnul
Zin
The Shining One
Beogh
Jiyva
Lugonu


Innate Abilities, Weirdness & Mutations

You have claws for feet.
You are completely covered in large bone plates (AC +4, SH +4).
You tend to lose your temper in combat.
You can breathe flames.
You are frail (-10% HP).
Your natural rate of healing is unusually fast.
You can spit poison.
Your spells are a little harder to cast, but a little more powerful.
You have difficulty communicating with the divine.


Message History

Your trapdoor spider bites the slime creature!!
You block the slime creature's attack.
GONNNNG!
The slime creature closely misses your trapdoor spider.
The giant eyeball gazes at you.
You suddenly lose the ability to move!
Two slime creatures merge to form a large slime creature.
Your trapdoor spider bites the large slime creature!
The death ooze hits you but does no damage. x2
The slime creature barely misses your trapdoor spider.
The titanic slime creature hits you!!!
Your trapdoor spider bites the large slime creature.
The death ooze hits you!!
* * * LOW HITPOINT WARNING * * *
The death ooze hits you but does no damage.
Your trapdoor spider bites the large slime creature!
The slime creature hits your trapdoor spider!
The titanic slime creature hits you!!!
You die...
Your body rises from the dead as a mindless zombie.

.[..[)..8▓ )"..:}""[. ▓..)[):
........_▓ .==[..}|..:. ▓...=.|
........8▓ .............. ▓......
........_▓▓...............▓......
....=...8▓▓...............▓......
....|..._▓▓....GGJ.G......▓......
........8▓▓.....sJG.......▓....).
<......._▓▓.....JJD.......▓..▓...
........8▓▓.....@JJ.......▓.▓.▓..
_8_8_8_8_▓▓...▓.......▓...▓..▓...
▓▓▓▓▓▓▓▓▓▓▓.. ▓▓.....▓▓ .▓......
▓...▓.......▓...▓......
▓...............▓▓▓▓▓▓▓
▓...............▓.....8
▓▓▓▓▓▓▓▓▓▓▓▓▓▓▓▓▓...|Dz ▓.://[Z
▓......


You could see a titanic slime creature, a large slime creature, a slime
creature, 2 shining eyes, an eye of devastation, a death ooze, 2 jellies, a
giant eyeball, a friendly bone dragon and a friendly trapdoor spider.

Vanquished Creatures
  A lich (D)
  An acid blob (D)
  A deep elf sorcerer (D)
  A ghoul (D)
  A stone giant (D)
  A death ooze (D)
  A mummy priest (D)
  A great orb of eyes (D)
  3 vampire magi (D)
  An orc high priest (D)
  5 soul eaters (D)
  A skeletal warrior (D)
  2 ice devils (D)
  A deep elf knight (D)
  A sea snake (shapeshifter) (D)
  A flayed ghost (D)
  A necromancer (D)
  An orc sorcerer (D)
  A faun (shapeshifter) (D)
  An orc knight (D)
  2 ugly things (D)
  3 shining eyes (D)
  A hornet (D)
  3 toenail golems (D)
  An eye of devastation (D)
  A demonic crawler (D)
  A freezing wraith (D)
  A demonic crawler zombie (D)
  2 guardian mummies (D)
  A raiju (D)
  A jumping spider (D)
  2 slime creatures (D)
  2 large abominations (D)
  A trapdoor spider (D)
  A redback (D)
  A flying skull (D)
  A human (shapeshifter) (D)
  3 spriggans (D)
  A spriggan (shapeshifter) (D)
  A deep elf mage (D)
  A shadow (D)
  A golden eye (D)
  A naga (shapeshifter) (D)
  A warg (D)
  A hippogriff (shapeshifter) (D)
  A ynoxinul (D)
  A neqoxec (D)
  2 wolves (D)
  A human zombie (D)
  Edmund (D)
  A small abomination (D)
  2 eyes of draining (D)
  2 orc warriors (D)
  3 wasps (D)
  A tengu (shapeshifter) (D)
  A dwarf (shapeshifter) (D)
  Sigmund (D)
  Duvessa (D)
  Blork the orc (D)
  3 wights (D)
  A crimson imp (D)
  Dowan (D)
  2 jellies (D)
  A quasit (D)
  Crazy Yiuf (D)
  Jessica (D)
  5 mummies (D)
  2 white imps (D)
  2 giant mites (D)
  3 ufetubi (D)
  3 adder zombies (D)
  An adder skeleton (D)
  An adder simulacrum (D)
  3 oozes (D)
  An orc (D)
  A spectral bat (D)
  A bat zombie (D)
  A goblin (D)
  A spectral giant cockroach (D)
116 creatures vanquished.

Vanquished Creatures (collateral kills)
  An acid blob (D)
  2 death oozes (D)
  A great orb of eyes (D)
  A great orb of eyes (shapeshifter) (D)
  2 vampire magi (D)
  2 soul eaters (D)
  A giant orange brain (D)
  An orc knight (D)
  An ugly thing (D)
  2 necromancers (D)
  A slime creature (D)
  2 moths of wrath (D)
  A trapdoor spider zombie (D)
  2 freezing wraiths (D)
  A demonic crawler (D)
  A trapdoor spider (D)
  A moth of wrath zombie (D)
  A jumping spider (D)
  A flying skull (D)
  A jumping spider zombie (D)
  3 vampires (D)
  A spriggan (D)
  3 shadows (D)
  A human zombie (D)
  An ice beast (D)
  A wasp (D)
  3 necrophages (D)
  A scorpion (D)
  2 wights (D)
  A wasp zombie (D)
  A scorpion zombie (D)
  A white imp (D)
  2 giant eyeballs (D)
  2 adder zombies (D)
  3 oozes (D)
  3 orcs (D)
  A bat zombie (D)
  A giant cockroach (D)
  A hobgoblin (D)
  A ball python skeleton (D)
  A ball python zombie (D)
  A giant cockroach zombie (D)
  A jackal skeleton (D)
  An orc zombie (D)
  A quokka skeleton (D)
  A quokka zombie (D)
65 creatures vanquished.

Vanquished Creatures (others)
  A ghoul (D)
  A death cob (D)
  A vampire mage (D)
  A shadow wraith (D)
  A spatial maelstrom (D)
  2 skeletal warriors (D)
  A flayed ghost (D)
  2 necromancers (D)
  2 phantasmal warriors (D)
  A hornet zombie (D)
  6 flying skulls (D)
  3 shadows (D)
  2 trapdoor spiders (D)
  2 vampires (D)
  3 wraiths (D)
  A spider (D)
  A chimera (D)
  A warg zombie (D)
  A raiju zombie (D)
  A spriggan zombie (D)
  2 wolf zombies (D)
  4 wights (D)
  A wasp zombie (D)
  2 elf zombies (D)
  3 ufetubi (D)
  2 adder skeletons (D)
  5 orc zombies (D)
  An adder zombie (D)
  A bat skeleton (D)
  A giant mite zombie (D)
56 creatures vanquished.

Grand Total: 237 creatures vanquished

Notes
Turn   | Place    | Note
--------------------------------------------------------------
     0 | D        | musteatbrain, the Demonspawn Fighter, began the quest for the Orb.
     0 | D        | Reached XP level 1. HP: 18/18 MP: 1/1
     0 | D        | Found a corrupted altar of Lugonu.
     0 | D        | Found a basalt altar of Yredelemnul.
     0 | D        | Found an iron altar of Okawaru.
     0 | D        | Found a burning altar of Makhleb.
     0 | D        | Found a radiant altar of Vehumet.
     1 | D        | Found a viscous altar of Jiyva.
     1 | D        | Found a white marble altar of Elyvilon.
     3 | D        | Found a sparkling altar of Nemelex Xobeh.
     3 | D        | Found a deep blue altar of Sif Muna.
     4 | D        | Banished a spatial maelstrom
    21 | D        | Found a bloodstained altar of Trog.
    45 | D        | Found a shimmering altar of Xom.
   157 | D        | Became a worshipper of Yredelemnul the Dark
   182 | D        | Entered arena 1.
   191 | D        | Gained mutation: You are partially covered in large bone plates (AC +2, SH +2). [demonic ancestry]
   191 | D        | Reached XP level 2. HP: 23/25 MP: 2/2
   200 | D        | Entered arena 2.
   200 | D        | Noticed a toenail golem
   200 | D        | Noticed a toenail golem
   200 | D        | Noticed a toenail golem
   211 | D        | Killed a toenail golem
   211 | D        | Acquired Yredelemnul's first power
   211 | D        | Reached skill level 7 in Fighting
   211 | D        | Reached XP level 3. HP: 23/37 MP: 3/3
   211 | D        | Gained mutation: You are mostly covered in large bone plates (AC +3, SH +3). [demonic ancestry]
   211 | D        | Reached XP level 4. HP: 27/44 MP: 4/4
   211 | D        | Gained mutation: You have sharp toenails. [demonic ancestry]
   211 | D        | Reached XP level 5. HP: 30/49 MP: 5/5
   211 | D        | Gained mutation: You have razor-sharp toenails. [demonic ancestry]
   211 | D        | Reached XP level 6. HP: 34/56 MP: 6/6
   215 | D        | Killed a toenail golem
   215 | D        | Reached skill level 9 in Long Blades
   215 | D        | Gained mutation: You are completely covered in large bone plates (AC +4, SH +4). [demonic ancestry]
   215 | D        | Reached XP level 7. HP: 38/61 MP: 7/7
   225 | D        | Killed a toenail golem
   225 | D        | Acquired Yredelemnul's second power
   225 | D        | Reached skill level 11 in Long Blades
   225 | D        | Reached XP level 8. HP: 32/68 MP: 8/8
   403 | D        | Entered arena 3.
   403 | D        | Noticed a small abomination
   403 | D        | Noticed a crimson imp
   408 | D        | Killed a small abomination
   420 | D        | Killed a crimson imp
   431 | D        | Entered arena 4.
   431 | D        | Noticed a deep elf sorcerer
   431 | D        | Noticed a spriggan
   431 | D        | Noticed a deep elf mage
   431 | D        | Noticed a deep elf knight
   431 | D        | a spriggan changed into a human
   435 | D        | Killed a deep elf knight
   435 | D        | Reached skill level 12 in Long Blades
   437 | D        | Killed a deep elf mage
   442 | D        | Killed a deep elf sorcerer
   442 | D        | Reached skill level 14 in Long Blades
   442 | D        | Reached XP level 9. HP: 49/73 MP: 9/23
   446 | D        | Acquired Yredelemnul's third power
   450 | D        | Gained mutation: Your magical capacity is low (-10% MP). [mutagenic meat]
   451 | D        | Gained mutation: Your natural rate of healing is unusually fast. [mutagenic meat]
   472 | D        | Entered arena 5.
   472 | D        | Noticed a mummy priest
   480 | D        | Killed a mummy priest
   480 | D        | Reached XP level 10. HP: 39/80 MP: 15/23
   673 | D        | Entered arena 6.
   673 | D        | Noticed a wolf
   673 | D        | Noticed a spriggan
   673 | D        | Noticed a spriggan
   673 | D        | Noticed a spriggan
   673 | D        | Noticed a spriggan
   673 | D        | Noticed a wolf
   677 | D        | Killed a wolf
   684 | D        | Killed a spriggan
   684 | D        | Reached skill level 15 in Long Blades
   687 | D        | Killed a spriggan
   690 | D        | Killed a wolf
   696 | D        | Killed a spriggan
   696 | D        | Acquired Yredelemnul's fourth power
   698 | D        | Killed a spriggan
   741 | D        | Entered arena 7.
   741 | D        | Noticed a guardian mummy
   741 | D        | Noticed a guardian mummy
   750 | D        | Killed a guardian mummy
   750 | D        | Reached skill level 1 in Evocations
   758 | D        | Killed a guardian mummy
   758 | D        | Reached skill level 1 in Dodging
   860 | D        | Entered arena 8.
   860 | D        | Noticed Sigmund
   860 | D        | Noticed Jessica
   860 | D        | Noticed Blork the orc
   860 | D        | Noticed Crazy Yiuf
   860 | D        | Noticed Dowan
   860 | D        | Noticed Duvessa
   860 | D        | Noticed Edmund
   868 | D        | Killed Edmund
   868 | D        | Received a gift from Yredelemnul
   872 | D        | Killed Duvessa
   874 | D        | Killed Jessica
   874 | D        | Received a gift from Yredelemnul
   877 | D        | Killed Dowan
   881 | D        | Killed Blork the orc
   881 | D        | Acquired Yredelemnul's fifth power
   881 | D        | Received a gift from Yredelemnul
   882 | D        | Killed Crazy Yiuf
   887 | D        | Killed Sigmund
   896 | D        | Reached XP level 11. HP: 82/86 MP: 25/25
   911 | D        | Entered arena 9.
   911 | D        | Noticed a raiju
   911 | D        | Noticed a large abomination
   911 | D        | Noticed a large abomination
   911 | D        | Noticed a ynoxinul
   911 | D        | Noticed a quasit
   914 | D        | Killed a quasit
   919 | D        | Killed a large abomination
   922 | D        | Killed a ynoxinul
   924 | D        | Killed a large abomination
   931 | D        | Killed a raiju
   931 | D        | Received a gift from Yredelemnul
   941 | D        | Got the ring of Scepticism {-Cast Contam +Blink rPois AC+3 Int+7}
   950 | D        | Entered arena 10.
   950 | D        | Noticed a shining eye
   950 | D        | Noticed a shining eye
   950 | D        | Noticed an eye of devastation
   950 | D        | Noticed a shining eye
   950 | D        | Noticed a jelly
   950 | D        | Noticed an eye of draining
   950 | D        | Noticed a jelly
   954 | D        | Killed a jelly
   961 | D        | Killed a shining eye
   963 | D        | Gained mutation: You are clumsy. (Dex -2) [a shining eye]
   965 | D        | Killed a shining eye
   966 | D        | Gained mutation: You tend to lose your temper in combat. [a shining eye]
   969 | D        | Killed a shining eye
   969 | D        | Received a gift from Yredelemnul
   972 | D        | Killed an eye of draining
   972 | D        | Received a gift from Yredelemnul
   973 | D        | Killed a jelly
   977 | D        | Killed an eye of devastation
   977 | D        | Reached skill level 10 in Fighting
  1078 | D        | Got the ring of Afinaitu {MR+ Stlth+}
  1086 | D        | Entered arena 11.
  1086 | D        | Noticed a flying skull
  1086 | D        | Noticed a freezing wraith
  1086 | D        | Noticed an ice devil
  1086 | D        | Noticed an ice beast
  1086 | D        | Noticed a wight
  1086 | D        | Noticed an ice devil
  1090 | D        | Your ally Duvessa died
  1101 | D        | Killed an ice devil
  1105 | D        | Killed an ice beast
  1106 | D        | Received a gift from Yredelemnul
  1106 | D        | Killed a flying skull
  1109 | D        | Killed an ice devil
  1113 | D        | Killed a freezing wraith
  1113 | D        | Killed a wight
  1140 | D        | Entered arena 12.
  1140 | D        | Noticed a soul eater
  1140 | D        | Noticed a soul eater
  1140 | D        | Noticed a soul eater
  1140 | D        | Noticed a soul eater
  1141 | D        | Noticed a soul eater
  1141 | D        | Noticed a soul eater
  1141 | D        | Noticed a soul eater
  1158 | D        | Killed a soul eater
  1158 | D        | Reached skill level 16 in Long Blades
  1158 | D        | Reached skill level 5 in Dodging
  1160 | D        | Killed a soul eater
  1160 | D        | Gained mutation: You have claws for feet. [demonic ancestry]
  1160 | D        | Reached XP level 12. HP: 59/99 MP: 11/26
  1162 | D        | Killed a soul eater
  1172 | D        | Killed a soul eater
  1175 | D        | Killed a soul eater
  1185 | D        | Killed a soul eater
  1185 | D        | Reached skill level 10 in Shields
  1193 | D        | Killed a soul eater
  1314 | D        | Entered arena 13.
  1314 | D        | Noticed a ghost crab
  1314 | D        | Noticed a yak
  1314 | D        | Noticed a white ugly thing
  1314 | D        | a ghost crab changed into a tarantella
  1315 | D        | Noticed a neqoxec
  1315 | D        | Noticed a red ugly thing
  1315 | D        | Noticed a manticore
  1315 | D        | Noticed an ogre
  1315 | D        | Gained mutation: You have difficulty communicating with the divine. [a neqoxec]
  1316 | D        | Noticed a white ugly thing
  1319 | D        | a yak changed into a naga
  1320 | D        | a manticore changed into an elf
  1321 | D        | an ogre changed into a water moccasin
  1325 | D        | Killed a neqoxec
  1327 | D        | Noticed an ice dragon
  1327 | D        | a hill giant changed into an ice dragon
  1330 | D        | Killed a white ugly thing
  1331 | D        | Your ally Blork died
  1336 | D        | Killed a cyan ugly thing
  1340 | D        | an ice dragon changed into something unseen
  1341 | D        | Killed a cyan ugly thing
  1344 | D        | Noticed a fire dragon
  1347 | D        | Noticed a great orb of eyes
  1347 | D        | a fire dragon changed into a great orb of eyes
  1353 | D        | Noticed an anaconda
  1353 | D        | a giant orange brain changed into an anaconda
  1355 | D        | Reached skill level 10 in Evocations
  1355 | D        | Received a gift from Yredelemnul
  1358 | D        | an anaconda changed into a sea snake
  1363 | D        | Killed a great orb of eyes
  1391 | D        | Gained mutation: You can spit poison. [mutagenic meat]
  1392 | D        | Gained mutation: You can breathe flames. [mutagenic meat]
  1393 | D        | Lost mutation: Your magical capacity is low (-10% MP). [mutagenic meat]
  1394 | D        | Gained mutation: You are frail (-10% HP). [mutagenic meat]
  1395 | D        | Lost mutation: You are clumsy. (Dex -2) [mutagenic meat]
  1396 | D        | Gained mutation: Your muscles are strong. (Str +2) [mutagenic meat]
  1397 | D        | Gained mutation: Your spells are a little harder to cast, but a little more powerful. [mutagenic meat]
  1408 | D        | Got the ring "Styxaq" {rN+ MP+9 Dex+4 SInv}
  1414 | D        | Identified the Collected Works on Flight (You found it in the Dungeon)
  1461 | D        | Entered arena 14.
  1461 | D        | Noticed an orc knight
  1461 | D        | Noticed a warg
  1461 | D        | Noticed an orc sorcerer
  1462 | D        | Noticed an orc warrior
  1463 | D        | Noticed an orc high priest
  1463 | D        | Noticed an orc warrior
  1463 | D        | Noticed an orc knight
  1464 | D        | Noticed a stone giant
  1466 | D        | Killed a warg
  1467 | D        | Received a gift from Yredelemnul
  1476 | D        | Killed an orc high priest
  1476 | D        | Reached skill level 10 in Armour
  1479 | D        | Killed an orc knight
  1480 | D        | Killed an orc warrior
  1483 | D        | Killed an orc knight
  1483 | D        | Received a gift from Yredelemnul
  1485 | D        | Killed an orc sorcerer
  1493 | D        | Killed a stone giant
  1498 | D        | Killed an orc warrior
  1498 | D        | Received a gift from Yredelemnul
  1573 | D        | Identified Groon's Papyrus of the Cloudy Oath (You found it in the Dungeon)
  1600 | D        | Entered arena 15.
  1600 | D        | Noticed a golden eye
  1600 | D        | Noticed an acid blob
  1605 | D        | Killed a golden eye
  1607 | D        | Noticed a slime creature
  1607 | D        | Noticed an eye of draining
  1607 | D        | Noticed a giant orange brain
  1608 | D        | Noticed a slime creature
  1610 | D        | Noticed a great orb of eyes
  1610 | D        | Noticed a great orb of eyes
  1611 | D        | Killed an acid blob
  1615 | D        | Received a gift from Yredelemnul
  1621 | D        | Killed a great orb of eyes
  1621 | D        | Reached skill level 17 in Long Blades
  1623 | D        | Killed a large slime creature
  1624 | D        | Killed a great orb of eyes
  1627 | D        | Killed a giant orange brain
  1629 | D        | Received a gift from Yredelemnul
  1629 | D        | Received a gift from Yredelemnul
  1629 | D        | Killed an eye of draining
  1639 | D        | Got the ring of Akealaeq {rPois rC+ Int+3}
  1693 | D        | Identified the Tome of Scorching Confrontation (You found it in the Dungeon)
  1734 | D        | Entered arena 16.
  1836 | D        | Noticed a moth of wrath
  1836 | D        | Noticed a jumping spider
  1836 | D        | Noticed a wasp
  1837 | D        | Noticed a trapdoor spider
  1837 | D        | Noticed a redback
  1837 | D        | Noticed a hornet
  1837 | D        | Noticed a demonic crawler
  1837 | D        | Noticed a scorpion
  1837 | D        | Noticed a wasp
  1837 | D        | Noticed a moth of wrath
  1838 | D        | Noticed a demonic crawler
  1838 | D        | Noticed a trapdoor spider
  1838 | D        | Noticed a wasp
  1838 | D        | Noticed a jumping spider
  1838 | D        | Noticed a wasp
  1842 | D        | Killed a wasp
  1844 | D        | Killed a redback
  1847 | D        | Killed a jumping spider
  1849 | D        | Killed a trapdoor spider
  1849 | D        | Killed a jumping spider
  1849 | D        | Reached XP level 13. HP: 39/101 MP: 14/30
  1849 | D        | Received a gift from Yredelemnul
  1850 | D        | Killed a wasp
  1851 | D        | Killed a moth of wrath
  1852 | D        | Received a gift from Yredelemnul
  1852 | D        | Received a gift from Yredelemnul
  1853 | D        | Killed a scorpion
  1856 | D        | Killed a wasp
  1857 | D        | Killed a wasp
  1857 | D        | Killed a demonic crawler
  1859 | D        | Killed a hornet
  1859 | D        | Received a gift from Yredelemnul
  1861 | D        | Killed a demonic crawler
  1862 | D        | Killed a trapdoor spider
  1863 | D        | Killed a moth of wrath
  1863 | D        | Reached skill level 10 in Dodging
  1926 | D        | Lost mutation: Your muscles are strong. (Str +2) [mutagenic glow]
  2108 | D        | Entered arena 17.
  2108 | D        | Noticed a vampire
  2111 | D        | Noticed a vampire mage
  2114 | D        | Noticed a necromancer
  2114 | D        | Noticed a wight
  2114 | D        | Noticed a lich
  2114 | D        | Noticed a wight
  2114 | D        | Noticed a shadow
  2115 | D        | Noticed a shadow
  2115 | D        | Noticed a vampire
  2115 | D        | Noticed a necrophage
  2115 | D        | Noticed a vampire mage
  2115 | D        | Noticed a necromancer
  2115 | D        | Noticed a necromancer
  2116 | D        | Noticed an Executioner
  2116 | D        | Noticed a necrophage
  2116 | D        | Killed a vampire
  2122 | D        | Killed a wight
  2122 | D        | Killed a wight
  2125 | D        | Killed a lich
  2126 | D        | Killed a necromancer
  2127 | D        | Killed a shadow
  2127 | D        | Killed a vampire
  2130 | D        | Killed a shadow
  2133 | D        | Killed a necromancer
  2134 | D        | Killed a necromancer
  2136 | D        | Killed a vampire mage
  2137 | D        | Killed a necrophage
  2138 | D        | Killed a necrophage
  2139 | D        | Killed a vampire mage
  2180 | D        | Identified the Papyrus of Feathers (You found it in the Dungeon)
  2196 | D        | Identified Klaomiuk's Volume of Poison (You found it in the Dungeon)
  2199 | D        | Identified the Tome of Mutagenic Cold (You found it in the Dungeon)
  2219 | D        | Identified Sif Muna's Reference Book on the Entourage (You found it in the Dungeon)
  2248 | D        | Entered arena 18.
  2248 | D        | Noticed a vampire mage
  2248 | D        | Noticed a vampire mage
  2250 | D        | Noticed a vampire mage
  2251 | D        | Noticed a vampire
  2252 | D        | Killed a vampire mage
  2252 | D        | Reached skill level 15 in Fighting
  2254 | D        | Noticed a skeletal warrior
  2254 | D        | Noticed a skeletal warrior
  2255 | D        | Noticed a necromancer
  2255 | D        | Noticed a necromancer
  2255 | D        | Noticed a shadow
  2256 | D        | Noticed a vampire mage
  2257 | D        | Noticed a ghoul
  2257 | D        | Noticed a wight
  2257 | D        | Noticed a shadow
  2258 | D        | Noticed a ghoul
  2259 | D        | Noticed a wight
  2260 | D        | Noticed a shadow
  2292 | D        | Killed a vampire mage
  2294 | D        | Killed a wight
  2294 | D        | Killed a shadow
  2294 | D        | Killed a vampire mage
  2294 | D        | Killed a vampire
  2294 | D        | Killed a shadow
  2296 | D        | Killed a vampire mage
  2298 | D        | Killed a ghoul
  2301 | D        | Killed a ghoul
  2304 | D        | Killed a skeletal warrior
  2308 | D        | Killed a necromancer
  2309 | D        | Killed a necromancer
  2310 | D        | Killed a skeletal warrior
  2312 | D        | Killed a shadow
  2320 | D        | Killed a wight
  2451 | D        | Identified Vehumet's Papyrus of Conjuration (You found it in the Dungeon)
  2454 | D        | Identified Iskenderun's Almanac of Conjuration (You found it in the Dungeon)
  2464 | D        | Identified Naymoddethe's Tome of Hexes (You found it in the Dungeon)
  2485 | D        | Entered arena 19.
  2492 | D        | Noticed a death ooze
  2492 | D        | Noticed a slime creature
  2492 | D        | Noticed a slime creature
  2493 | D        | Noticed a slime creature
  2493 | D        | Noticed a shining eye
  2493 | D        | Noticed a slime creature
  2493 | D        | Noticed a slime creature
  2493 | D        | Noticed a death ooze
  2493 | D        | Noticed a slime creature
  2493 | D        | Noticed a death ooze
  2493 | D        | Noticed a slime creature
  2494 | D        | Noticed a slime creature
  2494 | D        | Noticed a jelly
  2494 | D        | Noticed an acid blob
  2494 | D        | Noticed a slime creature
  2494 | D        | Noticed a slime creature
  2494 | D        | Noticed a jelly
  2494 | D        | Noticed an eye of devastation
  2494 | D        | Noticed a death ooze
  2495 | D        | Paralysed by a giant eyeball for 2 turns
  2498 | D        | Killed a slime creature
  2499 | D        | Noticed a slime creature
  2501 | D        | Noticed a shining eye
  2503 | D        | Killed a large slime creature
  2503 | D        | Received a gift from Yredelemnul
  2506 | D        | Killed a death ooze
  2506 | D        | Killed a death ooze
  2513 | D        | Killed an acid blob
  2514 | D        | Killed a death ooze
  2514 | D        | Paralysed by a giant eyeball for 2 turns
  2516 | D        | Demolished by a titanic slime creature

Action                   |  1- 3 |  4- 6 |  7- 9 | 10-12 | 13-15 || total
-------------------------+-------+-------+-------+-------+-------++-------
Melee: Double sword      |    16 |     4 |    41 |   271 |   112 ||   444
Invok: Injury Mirror     |       |       |     1 |       |       ||     1
       Enslave Soul      |       |       |       |     9 |       ||     9
       Recall Undead Sla |       |       |       |     6 |     3 ||     9
       Animate Dead      |       |       |       |     2 |     4 ||     6
       Drain Life        |       |       |       |       |     1 ||     1
 Abil: Evoke Invisibilit |       |       |       |     1 |     2 ||     3
Evoke: Wand              |       |       |       |     2 |       ||     2
       Deck              |       |       |       |     1 |       ||     1
       Sack of spiders   |       |       |       |       |     2 ||     2
       Box of beasts     |       |       |       |       |     1 ||     1
  Use: Potion            |       |       |     1 |     9 |    11 ||    21
       Scroll            |       |       |       |     6 |     1 ||     7
 Stab: Distracted        |       |       |       |     2 |     2 ||     4
       Invisible         |       |       |       |       |    11 ||    11
  Eat: Chunk             |       |       |     2 |     7 |       ||     9
       Bread ration      |       |       |       |     2 |     1 ||     3
